 Dungeon Crawl Stone Soup version 0.28.0-53-g5a82cb258f (webtiles) character file.

Game seed: 5415709863251664588

1104 protoss039 the Skirmisher (level 8, -4/63 HPs)
             Began as a Demonspawn Earth Elementalist on June 1, 2022.
             Was an Initiate of Vehumet.
             Slain by an iguana (9 damage)
             ... on level 5 of the Dungeon.
             The game lasted 00:11:44 (5630 turns).

protoss039 the Skirmisher (DsEE)                    Turns: 5630, Time: 00:11:44

Health: -4/63      AC:  8    Str: 14    XL:     8   Next: 11%
Magic:  2/13       EV: 11    Int: 22    God:    Vehumet [......]
Gold:   1582       SH:  0    Dex: 14    Spells: 8/14 levels left

rFire   + + .      SeeInvis +   g - +0 whip (drain)
rCold   . . .      Faith    .   (no shield)
rNeg    . . .      Spirit   .   x - +0 ring mail {rF+}
rPois   .          Reflect  .   (no helmet)
rElec   .          Harm     .   l - +0 cloak {Will+}
rCorr   .          Rampage  .   (no gloves)
Will    ++...                   (boots unavailable)
Stlth   +.........              (no amulet)
HPRegen 0.20/turn               b - ring "Gownagg" {Will+ Str+6 Int+3 SInv}
MPRegen 0.13/turn               z - ring of protection from fire

@: marked, very slightly contaminated
A: hooves 3, slimy green scales 1, ignite blood 1
a: Renounce Religion


You were on level 5 of the Dungeon.
You worshipped Vehumet.
Vehumet was noncommittal.
You visited 2 branches of the dungeon, and saw 6 of its levels.

You collected 2027 gold pieces.
You spent 445 gold pieces at shops.

Inventory:

Hand Weapons
 g - a +0 whip of draining (weapon)
Missiles
 y - 66 stones
Armour
 l - a +0 cloak of willpower (worn)
 x - a +0 ring mail of fire resistance (worn)
Jewellery
 b - the ring "Gownagg" (left hand) {Will+ Str+6 Int+3 SInv}
   (You acquired it on level 3 of the Dungeon)

   [ring of strength]

   Str:       It affects your strength (+6).
   Int:       It affects your intelligence (+3).
   SInv:      It lets you see invisible.
   Will:      It increases your willpower.
 z - a ring of protection from fire (right hand)
 A - a ring of willpower
 B - a ring of ice
Scrolls
 a - 2 scrolls of fear
 c - a scroll of immolation
 j - a scroll of enchant weapon
 k - 2 scrolls of magic mapping {unknown}
 m - 2 scrolls of identify
 o - 3 scrolls of enchant armour
 r - 2 scrolls of fog {unknown}
 s - a scroll of amnesia
 t - a scroll of summoning
 u - a scroll of silence
 v - 4 scrolls of blinking
Potions
 d - 2 potions of haste {unknown}
 e - 2 potions of heal wounds {unknown}
 f - a potion of degeneration {unknown}
 h - 3 potions of curing {unknown}
 i - a potion of lignification {unknown}
 n - a potion of might {unknown}
 p - 3 potions of brilliance {unknown}
 q - 3 potions of resistance {unknown}
 w - a potion of attraction {unknown}
 C - a potion of ambrosia {unknown}
 D - 2 potions of flight {unknown}


   Skills:
 * Level 5.4 Fighting
 + Level 3.3 Armour
 - Level 1.7 Dodging
 - Level 1.7 Stealth
 + Level 3.9 Spellcasting
 + Level 3.3 Conjurations
 - Level 1.0 Transmutations
 + Level 4.4 Earth Magic


You had 8 spell levels left.
You knew the following spells:

 Your Spells              Type           Power      Damage    Failure   Level
a - Sandblast             Erth           48%        2d12      3%          1
b - Passwall              Tmut/Erth      13%        N/A       11%         2
c - Stone Arrow           Conj/Erth      42%        3d9       14%         3

Your spell library contained the following spells:

 Spells                   Type           Power      Damage    Failure   Level
 Petrify                  Tmut/Erth      16%        N/A       58%         4


Dungeon Overview and Level Annotations

Branches:
Dungeon (5/15)             Temple (1/1) D:4

Altars:
Ashenzari
Cheibriados
Dithmenos
Elyvilon
Fedhas
Hepliaklqana
Kikubaaqudgha
Sif Muna
Vehumet
Wu Jian
Lugonu

Annotations:
D:2 Sigmund
D:3 1 transporter, Britaniac's ghost, amateur GrFi
D:5 Dowan; Duvessa


Innate Abilities, Weirdness & Mutations

You have hooves in place of feet.
You are partially covered in slimy green scales. (AC +2)
Your demonic aura sometimes causes spilled blood to erupt in flames.


Message History

Duvessa is almost dead.
Duvessa hits you with a +0 rapier.
The iguana bites you but does no damage.
Duvessa closely misses you.
Unknown command.
Casting: Stone Arrow (dangerous; 14% risk of failure)
Confirm with . or Enter, or press ? or * to list all spells.
Aiming: Stone Arrow (dangerous; 14% risk of failure)
Press: ? - help, Shift-Dir - straight line, f/p - Duvessa
Aim: Duvessa, wielding a +0 rapier and wearing a +0 scale mail (almost dead, fast, heavily drained, 79% to hit)
The stone arrow hits Duvessa.
Duvessa is almost dead.
The iguana misses you. Duvessa hits you with a +0 rapier!
* * * LOW HITPOINT WARNING * * *
Unknown command.
Unknown command.
Casting: Stone Arrow (dangerous; 14% risk of failure)
Confirm with . or Enter, or press ? or * to list all spells.
Aiming: Stone Arrow (dangerous; 14% risk of failure)
Press: ? - help, Shift-Dir - straight line, f/p - Duvessa
Aim: Duvessa, wielding a +0 rapier and wearing a +0 scale mail (almost dead, fast, heavily drained, 79% to hit)
The stone arrow hits Duvessa but does no damage.
Duvessa is almost dead.
Duvessa hits you with a +0 rapier!
* * * LOW HITPOINT WARNING * * *
The iguana bites you but does no damage.
Duvessa hits you with a +0 rapier.
* * * LOW HITPOINT WARNING * * *
Unknown command.
Unknown command.
Unknown command.
Casting: Stone Arrow (dangerous; 14% risk of failure)
Confirm with . or Enter, or press ? or * to list all spells.
Aiming: Sandblast (safe; 3% risk of failure)
Press: ? - help, Shift-Dir - straight line, f/p - Duvessa
Aim: Duvessa, wielding a +0 rapier and wearing a +0 scale mail (almost dead, fast, heavily drained, 86% to hit)
The blast of sand hits Duvessa but does no damage.
Duvessa is almost dead.
The iguana bites you!
You die...

#..####...#
#.........#
#.........#
...........#
#########..#####.#
#..^......
##e#####.#
########e#.....
#......@l.#
#......○○.#
#.........#
#.........#
#.........>
...........#
..#..###...# ..#..
...#


You could see Duvessa (fast, drained), Dowan (invisible) and an iguana.

Vanquished Creatures
  An ice beast (D:5)
  A sky beast (D:5)
  2 necrophages
  A phantom (D:4)
  A howler monkey (D:5)
  A bullfrog zombie (D:4)
  A centaur zombie (D:5)
  2 jellies
  4 hounds
  An orc priest (D:3)
  A bullfrog skeleton (D:5)
  Jessica (D:3)
  Natasha (D:2)
  An iguana (D:5)
  2 orc wizards (D:4)
  8 gnolls
  6 adders
  A shadow imp (D:5)
  A dart slug (D:3)
  6 orcs
  8 endoplasms
  2 giant cockroaches (D:4)
  6 goblins
  4 hobgoblins
  7 kobolds
  3 quokkas
  3 ball pythons
  7 bats
  2 frilled lizards
  12 rats
97 creatures vanquished.

Notes
Turn   | Place    | Note
-------+----------+-------------------------------------------
     0 | D:1      | protoss039 the Demonspawn Earth Elementalist began the
                  | quest for the Orb.
     0 | D:1      | Reached XP level 1. HP: 13/13 MP: 3/3
     2 | D:1      | Noticed a felid
     2 | D:1      | Noticed a draconian
     4 | D:1      | Noticed an ogre
     4 | D:1      | Noticed a vine stalker
     6 | D:1      | Noticed a tengu
     9 | D:1      | Noticed a spriggan
    11 | D:1      | Noticed a gargoyle
    13 | D:1      | Noticed a troll
    13 | D:1      | Noticed a merfolk
    15 | D:1      | Noticed a vampire
    15 | D:1      | Noticed an elf
    18 | D:1      | Noticed a formicid
    18 | D:1      | Noticed a dwarf
    20 | D:1      | Noticed a minotaur
    22 | D:1      | Noticed an octopode
    22 | D:1      | Noticed a ghoul
    24 | D:1      | Noticed a human
    24 | D:1      | Noticed a naga
    26 | D:1      | Noticed a demonspawn
    28 | D:1      | Noticed a demigod
    67 | D:1      | Reached skill level 1 in Transmutations
   142 | D:1      | Gained mutation: You are partially covered in slimy green
                  | scales. (AC +2) [demonic ancestry]
   142 | D:1      | Reached XP level 2. HP: 15/20 MP: 5/5
   156 | D:1      | Reached skill level 1 in Fighting
   591 | D:1      | Found a faded altar of an unknown god.
  1033 | D:1      | Gained mutation: You have large cloven feet. [demonic
                  | ancestry]
  1033 | D:1      | Reached XP level 3. HP: 26/26 MP: 6/6
  1129 | D:1      | Identified 3 scrolls of acquirement
  1129 | D:1      | Acquired 1277 gold pieces
  1131 | D:1      | Acquired 639 gold pieces
  1133 | D:1      | Acquired a +0 cloak of willpower
  1145 | D:2      | Reached skill level 1 in Armour
  1320 | D:2      | Noticed Natasha
  1325 | D:2      | Learned a level 2 spell: Passwall
  1329 | D:2      | Learned a level 3 spell: Stone Arrow
  1411 | D:2      | Noticed Sigmund
  1797 | D:2      | Reached skill level 2 in Fighting
  2026 | D:2      | Gained mutation: Your demonic aura sometimes causes spilled
                  | blood to erupt in flames. [demonic ancestry]
  2026 | D:2      | Reached XP level 4. HP: 32/33 MP: 7/7
  2407 | D:2      | Killed Natasha
  2408 | D:2      | Reached skill level 1 in Conjurations
  2539 | D:3      | Noticed a necrophage
  2546 | D:3      | Killed a necrophage
  2547 | D:3      | Reached XP level 5. HP: 29/40 MP: 2/8
  2727 | D:3      | Reached skill level 3 in Fighting
  2967 | D:3      | Found a transporter.
  2970 | D:3      | Noticed Britaniac's ghost (amateur GrFi)
  2973 | D:3      | Identified the +8 dire flail of Uluh {freeze, Int+3}
  2973 | D:3      | Noticed an ogre
  3305 | D:3      | Reached XP level 6. HP: 47/47 MP: 6/10
  3465 | D:3      | Found Gofrob's Magic Scroll Boutique.
  3475 | D:3      | Bought a scroll of enchant armour for 75 gold pieces
  3475 | D:3      | Bought a scroll of fear for 35 gold pieces
  3475 | D:3      | Bought a scroll of immolation for 35 gold pieces
  3475 | D:3      | Bought a scroll of amnesia for 35 gold pieces
  3475 | D:3      | Bought a scroll of identify for 20 gold pieces
  3475 | D:3      | Bought a scroll of summoning for 95 gold pieces
  3475 | D:3      | Bought a scroll of silence for 75 gold pieces
  3475 | D:3      | Bought a scroll of blinking for 75 gold pieces
  3492 | D:3      | Acquired the ring "Gownagg" {Will+ Str+6 Int+3 SInv}
  3571 | D:3      | Found a broken altar of Ashenzari.
  3695 | D:3      | Noticed Jessica
  3697 | D:3      | Killed Jessica
  3841 | D:4      | Found a staircase to the Ecumenical Temple.
  3958 | D:4      | Reached skill level 4 in Fighting
  4054 | D:4      | Gained mutation: You have hoof-like feet. [demonic
                  | ancestry]
  4054 | D:4      | Reached XP level 7. HP: 54/54 MP: 4/11
  4062 | Temple   | Entered the Ecumenical Temple
  4087 | Temple   | Became a worshipper of Vehumet
  4791 | D:4      | Found a hazy altar of Hepliaklqana.
  4871 | D:4      | Found a shadowy altar of Dithmenos.
  4982 | D:5      | Entered Level 5 of the Dungeon
  5193 | D:5      | Found an ornate altar of the Wu Jian Council.
  5202 | D:5      | Reached skill level 5 in Fighting
  5522 | D:5      | Gained mutation: You have hooves in place of feet. [demonic
                  | ancestry]
  5522 | D:5      | Reached XP level 8. HP: 63/63 MP: 3/13
  5611 | D:5      | Noticed Duvessa
  5612 | D:5      | Noticed Dowan
  5630 | D:5      | Slain by an iguana

Illustrated notes

Levels and vault maps discovered:
D:1:      kb_arrival_jail, layout_rooms, hellmonk_ecumenical_altar_prayer_group
D:2:      layout_loops_ring, uniq_natasha, uniq_sigmund
D:3:      layout_basic, cheibrodos_ashenzari_chains, gammafunk_ghost_smash,
          serial_shops, shop, kennysheep_jessica_study, uniq_jessica
D:4:      layout_basic, kennysheep_mini, mainiacjoe_overflow_tiny_flanked,
          minmay_temple_entry_steel_oval, chequers_ossuary_entry_cave
D:5:      layout_basic, kennysheep_mini_moat, kennysheep_little_box,
          serial_shops, shop, uniq_duvessa
Temple:   corrupted_temple

Skill      XL: |  1  2  3  4  5  6  7 |
---------------+----------------------+-----
Transmutations | 1 |  1.0
Fighting       | 1 2 3 4 5 |  5.4
Earth Magic    | 3 4 |  4.4
Armour         | 1 2 3 |  3.3
Conjurations   | 1 2 3 |  3.3
Spellcasting   | 3 |  3.9
Dodging        | |  1.7
Stealth        | |  1.7

Action                   |  1- 3 |  4- 6 |  7- 9 || total
-------------------------+-------+-------+-------++-------
Melee: Whip              |    94 |    68 |    66 ||   228
       Dagger            |     6 |       |       ||     6
       Kick              |     9 |    15 |    24 ||    48
       Punch             |       |       |     1 ||     1
 Cast: Sandblast         |    20 |    18 |    10 ||    48
       Stone Arrow       |       |    10 |    18 ||    28
       Passwall          |       |       |     3 ||     3
  Use: Scroll            |     3 |     3 |       ||     6
 Stab: Sleeping          |     3 |     4 |       ||     7
Armor: Robe              |    37 |       |       ||    37
       Leather armour    |       |    23 |       ||    23
       Ring mail         |       |     8 |    37 ||    45
Dodge: Dodged            |    64 |    38 |    65 ||   167
